 Dungeon Crawl Stone Soup version 0.17-a0-2109-g117576f (webtiles) character file.

100 tp1 the Magician (level 4, -2/24 HPs)
             Began as a Deep Elf Conjurer on Oct 19, 2015.
             Slain by a gnoll
             ... wielding a +0 club
              (7 damage)
             ... on level 2 of the Dungeon.
             The game lasted 00:12:40 (3057 turns).

tp1 the Magician (Deep Elf Conjurer)                Turns: 3057, Time: 00:12:40

Health: -2/24      AC:  5    Str:  5    XL:     4   Next: 47%
Magic:  4/13       EV: 13    Int: 21    God:
Gold:   115        SH:  0    Dex: 19    Spells: 1 memorised, 12 levels left

rFire  . . .     SeeInvis .     r - +0 short sword
rCold  . . .     Clarity  .     n - +0 leather armour
rNeg   . . .     SustAt   .     (no shield)
rPois  .         Gourm    .     (no helmet)
rElec  .         Spirit   .     t - +0 cloak
rCorr  .         Warding  .     (no gloves)
rMut   .         Stasis   .     p - +0 pair of boots
MR     .....                    (no amulet)
Stlth  ++........               (no ring)
                                j - +4 ring of dexterity

@: not resistant to hostile enchantments, unstealthy
A: no striking features
a: no special abilities


You were on level 2 of the Dungeon.
You were not hungry.

You visited 1 branch of the dungeon, and saw 3 of its levels.

You collected 115 gold pieces.

Inventory:

Hand Weapons
 g - a +0 dagger
 k - a +0 dagger
 r - a +0 short sword (weapon)
Missiles
 i - 23 sling bullets of frost
Armour
 a - a +0 robe
 d - a +0 pair of boots
 n - a +0 leather armour (worn)
 p - a +0 pair of boots (worn)
 t - a +0 cloak (worn)
Jewellery
 j - a +4 ring of dexterity (left hand)
 y - an uncursed ring of protection from magic
Scrolls
 o - a scroll of remove curse
 q - a scroll of random uselessness {unknown}
 s - a scroll of enchant armour {unknown}
Potions
 e - 2 potions of curing {unknown}
 f - a potion of mutation {unknown}
 h - a potion of cure mutation {unknown}
 l - a potion of agility {unknown}
 v - 2 potions of lignification {unknown}
Books
 b - a book of Conjurations

   Spells                             Type                      Level
   a - Magic Dart                     Conjuration                  1
   b - Searing Ray                    Conjuration                  2
   c - Dazzling Spray                 Conjuration/Hexes            3
   d - Fulminant Prism                Conjuration/Hexes            4
   e - Iskenderun's Mystic Blast      Conjuration                  4
   f - Iskenderun's Battlesphere      Conjuration/Charms           5
 z - a book of Unlife

   Spells                             Type                      Level
   a - Recall                         Summoning/Translocation      3
   b - Animate Dead                   Necromancy                   4
   c - Control Undead                 Necromancy                   4
   d - Cigotuvi's Embrace             Necromancy                   5
   e - Death Channel                  Necromancy                   6
   f - Simulacrum                     Ice/Necromancy               6
Comestibles
 c - 3 bread rations
 m - 3 chunks of flesh
 u - a slice of pizza
 x - a meat ration


   Skills:
 + Level 0.0 Fighting
 - Level 1.0 Short Blades
 - Level 4.0 Dodging
 - Level 2.4 Stealth
 + Level 5.1 Spellcasting
 - Level 4.3 Conjurations


You had 12 spell levels left.
You knew the following spells:

 Your Spells              Type           Power        Failure   Level  Hunger
a - Magic Dart            Conj           ###.         3%          1    None


Dungeon Overview and Level Annotations

Branches:
Dungeon (3/15)

Altars:
Ashenzari
Cheibriados
Dithmenos
Elyvilon
Gozag
Yredelemnul


Message History

The gnoll closely misses you.
You climb upwards.
There is a stone staircase leading down here.
Casting: Magic Dart
Confirm with . or Enter, or press ? or * to list all spells.
Aiming: Magic Dart
Press: ? - help, Shift-Dir - straight line, f - gnoll
Aim: a gnoll, wielding a club (lightly wounded)
The magic dart hits the gnoll.
The gnoll is heavily wounded.
The gnoll hits you but does no damage.
Casting: Magic Dart
Confirm with . or Enter, or press ? or * to list all spells.
Aiming: Magic Dart
Press: ? - help, Shift-Dir - straight line, f/p - gnoll
Aim: a gnoll, wielding a club (heavily wounded)
The magic dart hits the gnoll.
The gnoll is severely wounded.
The gnoll hits you with a club!
You die...

#.# ****** #.# ,,,,,******
#.# .....,,,..# #.#
.....##*#.# #.# ......# #.#
#.# ......# #.# ##.##
......# #.###...##
......###.#....g@# *
#.........#.....## *
#.....(.........#*******###
*
#..#.#####.........,,,,,..#
* ##...# #......###*****#.#
* ##.## ######### #.# * #.#
##r## *,** #.# * #.## 8.!.8
*,,** ##.#######
#..###.....#*,,,**
##.........


You could see a gnoll and a rat.

Vanquished Creatures
  A gnoll (D:3)
  2 adders (D:2)
  An ooze (D:1)
  A giant gecko (D:1)
  8 orcs (D:3)
  5 bats
  2 giant cockroaches (D:2)
  6 goblins
  6 hobgoblins
  4 jackals
  8 kobolds
  A ball python (D:2)
  A giant newt (D:2)
  11 rats
57 creatures vanquished.

Vanquished Creatures (others)
  2 jackals (D:2)
2 creatures vanquished.

Grand Total: 59 creatures vanquished

Notes
Turn   | Place    | Note
--------------------------------------------------------------
     0 | D:1      | tp1 the Deep Elf Conjurer began the quest for the Orb.
     0 | D:1      | Reached XP level 1. HP: 10/10 MP: 6/6
   222 | D:1      | Reached XP level 2. HP: 15/15 MP: 6/8
   745 | D:1      | Reached XP level 3. HP: 19/19 MP: 3/9
   747 | D:1      | Reached skill level 1 in Short Blades
  1439 | D:2      | Found an opulent altar of Gozag.
  1439 | D:2      | Found a basalt altar of Yredelemnul.
  1494 | D:2      | Found a shadowy altar of Dithmenos.
  1497 | D:2      | Found a snail-covered altar of Cheibriados.
  1497 | D:2      | Found a shattered altar of Ashenzari.
  1920 | D:2      | Found a white marble altar of Elyvilon.
  1998 | D:2      | Found a shadowy altar of Dithmenos.
  2027 | D:2      | Reached XP level 4. HP: 24/24 MP: 8/12
  2339 | D:2      | Found a white marble altar of Elyvilon.
  2513 | D:2      | Found a shadowy altar of Dithmenos.
  2745 | D:2      | Found an opulent altar of Gozag.
  2769 | D:2      | Found a shadowy altar of Dithmenos.
  2769 | D:2      | Found a snail-covered altar of Cheibriados.
  2770 | D:2      | Found a shattered altar of Ashenzari.
  2996 | D:3      | Reached skill level 5 in Spellcasting
  3057 | D:2      | Slain by a gnoll

Vault maps used:
D:1:      eino_arrival_cavern_e, serial_bayou, serial_bayou_ford_a,
          serial_bayou_lagoon_a, serial_bayou_pond_d, serial_bayou_pond_c,
          serial_bayou_pond_e, serial_bayou_pond_d
D:2:      elyvilon_altar_4, nicolae_overflow_hidden_temple, first_bread,
          grunt_dithmenos_smoke
D:3:      st_stairs_3

Action                   |  1- 3 |  4- 6 || total
-------------------------+-------+-------++-------
Melee: Unarmed           |     2 |       ||     2
       Dagger            |    14 |       ||    14
       Short sword       |       |     4 ||     4
 Cast: Magic Dart        |    73 |    41 ||   114
  Use: Scroll            |       |     3 ||     3
  Eat: Chunk             |     3 |     3 ||     6
